 Dungeon Crawl Stone Soup version 0.31-a0-963-ga325b2283a (webtiles) character file.

Game seed: 2104447621314881335

721 Xavori the Trooper (level 8, 0/58 HPs)
             Began as a Djinni Chaos Knight on Oct 25, 2023.
             Was a Plaything of Xom.
             Slain by a torpor snail (glowing shapeshifter) (19 damage)
             ... on level 4 of the Dungeon.
             The game lasted 00:05:11 (8013 turns).

Xavori the Trooper (Djinni Chaos Knight)            Turns: 8013, Time: 00:05:14

Health: 0/58       AC:  7    Str: 11    XL:     8   Next: 2%
Gold:   220        EV: 13    Int: 12    God:    Xom [*.....] SH:  0 Dex: 15

rFire   + + .        a - +0 falchion (chaos)
rCold   x . .        (no shield)
rNeg    . . .        b - +2 leather armour
rPois   ∞            g - +0 helmet
rElec   .            i - +0 cloak
rCorr   +            (no gloves)
SInv    +            (boots unavailable)
Will    .....        (no amulet)
Stlth   +            o - ring of resist corrosion
HPRegen 0.29/turn    (no ring)
MPRegen 0.00/turn

%: infuse magic (-1 HP)
@: flying, very slightly contaminated, slowed, very slow
A: sickness immunity, fire resistance 2, cold vulnerability 1, float, innate
caster, HP casting, extra vitality 1, see invisible, dopey 1, mutation
resistance 1, inability to drink after injury 1
a: Renounce Religion


You were on level 4 of the Dungeon.
You worshipped Xom.
You were a special plaything of Xom.
You visited 1 branch of the dungeon, and saw 5 of its levels.

You collected 220 gold pieces.

Inventory:

Hand Weapons
 a - a +0 falchion of chaos (weapon)
Missiles
 p - a throwing net
Armour
 b - a +2 leather armour (worn)
 g - a +0 helmet (worn)
 i - a +0 cloak (worn)
Jewellery
 o - a ring of resist corrosion (left hand)
Scrolls
 c - a scroll of butterflies
 f - 2 scrolls of blinking
 h - a scroll of vulnerability {unknown}
 j - a scroll of immolation
 l - a scroll of enchant armour {unknown}
 n - a scroll of poison {unknown}
 q - a scroll of silence {unknown}
 s - 2 scrolls of amnesia
 t - a scroll of identify
 u - a scroll of brand weapon {unknown}
Potions
 d - a potion of brilliance {unknown}
 e - 2 potions of enlightenment {unknown}
 k - a potion of might {unknown}
 m - a potion of mutation
 r - a potion of curing {unknown}


   Skills:
 + Level 4.5 Fighting
 + Level 4.1 Long Blades
 + Level 3.4 Armour
 + Level 4.3 Dodging
 * Level 2.9 Spellcasting
 * Level 2.9 Conjurations
 * Level 2.9 Hexes
   Level 0.0 Charms
 * Level 2.9 Summonings
 * Level 2.9 Necromancy
 * Level 2.9 Translocations
 * Level 2.9 Transmutations
 * Level 2.9 Fire Magic
 * Level 2.9 Ice Magic
 * Level 2.9 Air Magic
 * Level 2.9 Earth Magic
 * Level 2.9 Poison Magic


You knew the following spells:

 Your Spells              Type           Power      Damage    Failure   Level
a - Freeze                Ice            32%        1d5       10%         1
b - Static Discharge      Conj/Air       16%        3-4/arc   14%         2
c - Momentum Strike       Conj/Tloc      16%        3d8       14%         2
Your spell library was empty.

Dungeon Overview and Level Annotations

Branches:
Dungeon (5/15)             Temple (0/1) D:4

Altars:
Elyvilon
Okawaru
Xom

Annotations:
D:3 2 transporters, RandomusNamus's ghost, amateur OpCj


Innate Abilities, Weirdness & Mutations

You are immune to sickness and miasma.
You are immune to poison.
Your flesh is very heat resistant. (rF++)
You are vulnerable to cold. (rC-)
You float through the air rather than walking.
You learn spells naturally, not from books.
Your magical power is your life essence.
You have superior vitality. (+4 MHP)
You have supernaturally acute eyesight. (SInv)
You are dopey. (Int -2)
You are somewhat resistant to further mutation.
You occasionally lose the ability to drink potions when taking damage.


Message History

Casting: Momentum Strike (safe; 12% risk of failure)
Confirm with . or Enter, or press ? or * to list all spells.
Aiming: Momentum Strike (safe; 12% risk of failure)
Press: ? - help, Dir - move target, f - torpor snail
Aim: a torpor snail shaped shifter (heavily wounded, 100% to hit)
The concentrated momentum hits the torpor snail!
The torpor snail is severely wounded.
You are unable to move.
Casting: Momentum Strike (safe; 12% risk of failure)
Confirm with . or Enter, or press ? or * to list all spells.
The torpor snail is struck by an arc of lightning.
The torpor snail is severely wounded.
The black bear is struck by an arc of lightning.
The black bear is moderately wounded.
The torpor snail is struck by an arc of lightning.
The torpor snail is severely wounded.
You are struck by an arc of lightning.
The torpor snail bites you but does no damage.
Being near the torpor snail leaves you feeling lethargic.
Casting: Static Discharge (safe; 12% risk of failure)
Confirm with . or Enter, or press ? or * to list all spells.
You miscast Static Discharge.
You are very lightly contaminated with residual magic.
Nothing appears to happen.
The torpor snail closely misses you.
Unknown command.
You hit the torpor snail but do no damage.
The torpor snail is severely wounded.
The torpor snail bites you!
You hit the torpor snail. You freeze the torpor snail.
The torpor snail is severely wounded.
The torpor snail misses you.
Unknown command.
It was a potion of mutation.
You feel extremely strange.
Your iridescent scales disappear.
Your magical essence no longer links to wands of the dungeon.
You feel stupid.
You are no longer robbed of momentum.
The torpor snail bites you!!
You die...
Xom titters!

##............___..........
##........._........_...##
##.(####...._........#...
####)#####......).)........
#...))...._##..###########.
####.#######..## ## #.#
#ho.## # #.# #w### # #.#
#@# #.# ##.# #.####..# ####
#O#....## ###... #.#.####
##...## #.#.# ######..##..
#.#.# ####......##..# #.#.#
#.............. #.#.#
####.##.#########.


You could see a torpor snail shaped shifter, a black bear and an orc wizard
(invisible).

Vanquished Creatures
  Sigmund (D:2)
  An ogre (D:4)
  A hound (D:4)
  2 jellies (D:4)
  2 orc priests
  An iguana (D:4)
  2 orc wizards (D:3)
  4 gnolls (D:3)
  4 adders
  2 dart slugs
  17 orcs
  6 ball pythons
  5 endoplasms
  4 giant cockroaches
  10 goblins
  8 hobgoblins
  10 jackals
  6 kobolds
  A quokka (D:4)
  A bat (D:1)
  4 frilled lizards
  4 rats
96 creatures vanquished.

Vanquished Creatures (collateral kills)
  An orc wizard (D:4)
  Robin (D:2)
  An orc (D:4)
  5 goblins (D:2)
  3 hobgoblins (D:2)
  A kobold (D:2)
12 creatures vanquished.

Grand Total: 108 creatures vanquished

Notes
Turn   | Place    | Note
-------+----------+-------------------------------------------
     0 | D:1      | Xavori the Djinni Chaos Knight began the quest for the Orb.
     0 | D:1      | Reached XP level 1. HP: 20/20 MP: 0/0
    39 | D:1      | Reached XP level 2. HP: 20/25 MP: 0/0
    48 | D:1      | XOM: silly message
   282 | D:1      | XOM: silly message
   344 | D:1      | Reached XP level 3. HP: 26/30 MP: 0/0
   344 | D:1      | Learned a level 1 spell: Freeze
   887 | D:1      | XOM: give mutations
   887 | D:1      | Gained mutation: You occasionally lose the ability to drink
                  | potions when taking damage. [Xom's mischief]
   887 | D:1      | Gained mutation: You possess an exceptional clarity of
                  | mind. [Xom's mischief]
   887 | D:1      | Lost mutation: You possess an exceptional clarity of mind.
                  | [Xom's mischief]
  3135 | D:1      | XOM: smoke on damage
  3135 | D:1      | XOM: torment (16/30 hp)
  3214 | D:1      | XOM: torment (16/30 hp)
  3697 | D:1      | XOM: noise
  4247 | D:1      | XOM: god gift: ivory quarterstaff {god gift}
  4247 | D:1      | Identified the +6 quarterstaff of Premature Burial {chaos,
                  | Will+ Dex+3} (Xom gifted it to you on level 1 of the
                  | Dungeon)
  4471 | D:1      | XOM: give mutations
  4471 | D:1      | Gained mutation: You have supernaturally acute eyesight.
                  | (SInv) [Xom's grace]
  4471 | D:1      | Gained mutation: You expend health (3 HP) to strengthen
                  | your wands. [Xom's grace]
  5300 | D:1      | XOM: give mutations
  5300 | D:1      | Gained mutation: You are somewhat resistant to further
                  | mutation. [Xom's grace]
  5300 | D:1      | Gained mutation: You are partially covered in iridescent
                  | scales. (AC +2) [Xom's grace]
  5458 | D:2      | XOM is BORED!
  5458 | D:2      | XOM: 1-stop teleportation journey
  5463 | D:2      | Noticed Robin
  5464 | D:2      | XOM: summons friendly iron imp
  5474 | D:2      | XOM: summons 3 friendly demons
  5478 | D:2      | Reached skill level 1 in Spellcasting
  5478 | D:2      | Reached skill level 1 in Conjurations
  5478 | D:2      | Reached skill level 1 in Hexes
  5478 | D:2      | Reached skill level 1 in Summonings
  5478 | D:2      | Reached skill level 1 in Necromancy
  5478 | D:2      | Reached skill level 1 in Translocations
  5478 | D:2      | Reached skill level 1 in Transmutations
  5478 | D:2      | Reached skill level 1 in Fire Magic
  5478 | D:2      | Reached skill level 1 in Ice Magic
  5478 | D:2      | Reached skill level 1 in Air Magic
  5478 | D:2      | Reached skill level 1 in Earth Magic
  5478 | D:2      | Reached skill level 1 in Poison Magic
  5484 | D:2      | Killed Robin
  5485 | D:2      | Reached XP level 4. HP: 28/35 MP: 0/0
  5776 | D:2      | Noticed Sigmund
  5804 | D:2      | Killed Sigmund
  5805 | D:2      | Reached XP level 5. HP: 34/41 MP: 0/0
  5805 | D:2      | Learned a level 2 spell: Static Discharge
  5805 | D:2      | Reached XP level 6. HP: 39/47 MP: 0/0
  6279 | D:3      | Found a white marble altar of Elyvilon.
  6424 | D:3      | Noticed RandomusNamus's ghost (amateur OpCj)
  6425 | D:3      | Found a transporter.
  6467 | D:3      | XOM: noise
  6505 | D:3      | XOM: stat loss: -1 Dex (14/15)
  6506 | D:3      | XOM: draining
  6573 | D:3      | Found an iron altar of Okawaru.
  6607 | D:3      | Found a transporter.
  6650 | D:3      | HP: 1/42 [orc/+0 short sword (4)]
  6840 | D:3      | Reached XP level 7. HP: 47/47 MP: 0/0
  6840 | D:3      | Learned a level 2 spell: Momentum Strike
  6930 | D:3      | XOM: noise
  7539 | D:4      | XOM: cast spell 'Summon Small Mammal'
  7541 | D:4      | XOM: enchant monster (bad)
  7543 | D:4      | XOM: butterfly on damage
  7680 | D:4      | XOM: noise
  7681 | D:4      | XOM: silly message
  7851 | D:4      | Found a staircase to the Ecumenical Temple.
  7926 | D:4      | XOM: noise
  7969 | D:5      | Entered Level 5 of the Dungeon
  7973 | D:5      | XOM: summons friendly shadow imp
  7981 | D:4      | XOM: cast spell 'Summon Dragon'
  7984 | D:4      | Reached XP level 8. HP: 45/58 MP: 0/0
  7995 | D:4      | XOM: scenery: create altars
  7998 | D:4      | XOM: scenery: create altars
  8007 | D:4      | an orc changed into a glowing shapeshifter
  8007 | D:4      | Noticed a glowing shapeshifter (glowing shapeshifter)
  8007 | D:4      | a glowing shapeshifter changed into a torpor snail
  8007 | D:4      | Noticed a torpor snail (glowing shapeshifter)
  8013 | D:4      | Lost mutation: You are partially covered in iridescent
                  | scales. (AC +2) [potion of mutation]
  8013 | D:4      | Lost mutation: You expend health (3 HP) to strengthen your
                  | wands. [potion of mutation]
  8013 | D:4      | Gained mutation: You are dopey. (Int -2) [potion of
                  | mutation]
  8013 | D:4      | Slain by a torpor snail (glowing shapeshifter)

Illustrated notes

Levels and vault maps discovered:
D:1:      nzn_arrival_crosshair, layout_basic
D:2:      layout_rooms, mrwooster_statue_mirror, uniq_sigmund, uniq_robin
D:3:      layout_loops_cross, okawaru_metal_pillars_1_2, lemuel_tele_altar,
          gammafunk_ghost_arena, chequers_mini_garden, minmay_unequal
D:4:      layout_rooms, minmay_temple_entry_water_ring
D:5:      layout_gridville, nicolae_eternal_life,
          hangedman_decor_clover_reticule, minmay_misc_feat_tiny

Skill      XL: |  1  2  3  4  5  6  7 |
---------------+----------------------+-----
Long Blades    | 3 4 |  4.1
Spellcasting   | 1 2 |  2.9
Conjurations   | 1 2 |  2.9
Hexes          | 1 2 |  2.9
Summonings     | 1 2 |  2.9
Necromancy     | 1 2 |  2.9
Translocations | 1 2 |  2.9
Transmutations | 1 2 |  2.9
Fire Magic     | 1 2 |  2.9
Ice Magic      | 1 2 |  2.9
Air Magic      | 1 2 |  2.9
Earth Magic    | 1 2 |  2.9
Poison Magic   | 1 2 |  2.9
Armour         | 2 3 |  3.4
Dodging        | 3 4 |  4.3
Fighting       | 4 |  4.5

Action                     |  1- 3 |  4- 6 |  7- 9 || total
---------------------------+-------+-------+-------++-------
  Melee: Falchion          |    83 |   129 |   125 ||   337
         Punch             |     2 |     2 |     3 ||     7
   Cast: Momentum Strike   |       |       |     2 ||     2
         Static Discharge  |       |       |     1 ||     1
  Evoke: Wand              |       |       |     1 ||     1
    Use: Potion            |       |     2 |     1 ||     3
         Scroll            |       |       |     3 ||     3
   Stab: Paralysed         |     2 |       |     2 ||     4
         Invisible         |       |     3 |       ||     3
         Confused          |       |       |     1 ||     1
 Armour: Leather armour    |    46 |    76 |   121 ||   243
  Dodge: Dodged            |    68 |    91 |   134 ||   293

Table legend: (Time is in decaauts)
 A = Elapsed time spent in this place.
 B = Non-inter-level travel time spent in this place.
 C = Inter-level travel time spent in this place.
 D = Time resting spent in this place.
 E = Time spent auto-exploring this place.
 F = Levels seen in this place.
 G = Mean time per level.
                   A        B        C        D        E       F      G
               +--------+--------+--------+--------+--------+-----+--------+
         Total |   8059 |   7885 |    174 |   4844 |   2256 |   5 | 1611.8 |
       Dungeon |   8059 |   7885 |    174 |   4844 |   2256 |   5 | 1611.8 |
               +--------+--------+--------+--------+--------+-----+--------+

Top non-repeatable levels by time:
     D:1: 5436 daAuts
     D:3: 1166 daAuts
     D:4: 755 daAuts
     D:2: 692 daAuts
     D:5: 8 daAuts
